 Dungeon Crawl Stone Soup version 0.29.0-10-g45618ea6d2 (webtiles) character file.

Game seed: 13810514527763479709

697 Zeldest the Ruffian (level 7, -4/67 HPs)
             Began as a Troll Transmuter on Sept 1, 2022.
             Killed from afar by Dowan (19 damage)
             ... with a shard of ice
             ... on level 4 of the Dungeon.
             The game lasted 00:02:57 (2600 turns).

Zeldest the Ruffian (Troll Transmuter)              Turns: 2600, Time: 00:02:58

Health: -4/67      AC:  4    Str: 19    XL:     7   Next: 38%
Magic:  5/7        EV:  9    Int: 11    God:
Gold:   122        SH:  0    Dex: 10    Spells: 5/8 levels left

rFire   . . .      SeeInvis .     - Unarmed
rCold   . . .      Faith    .   (no shield)
rNeg    . . .      Spirit   .   a - +0 robe
rPois   .          Reflect  .   (helmet currently unavailable)
rElec   .          Harm     .   (no cloak)
rCorr   .          Rampage  .   (gloves unavailable)
Will    .....                   (boots unavailable)
Stlth   +.........              (no amulet)
HPRegen 1.01/turn               (no ring)
MPRegen 0.10/turn               (no ring)

@: appendages (expiring), wereblooded, studying Fighting
A: horns 2, talons 2, large, unfitting armour, claws 3, regeneration 1, shaggy
fur 1, tough skin 1
a: End Transformation


You were on level 4 of the Dungeon.
You had temporarily grown beastly horns and talons.
You visited 1 branch of the dungeon, and saw 4 of its levels.

You collected 158 gold pieces.
You spent 36 gold pieces at shops.

Inventory:

Missiles
 k - 2 throwing nets
Armour
 a - a +0 robe (worn)
Scrolls
 d - 5 scrolls of identify {unknown}
 e - a scroll of fear {unknown}
 h - 2 scrolls of teleportation {unknown}
 j - 2 scrolls of enchant armour {unknown}
 l - a scroll of silence {unknown}
 m - a scroll of enchant weapon {unknown}
Potions
 b - 2 potions of lignification
 c - 3 potions of degeneration {unknown}
 f - a potion of cancellation {unknown}
 g - 2 potions of haste {unknown}
 i - 3 potions of heal wounds {unknown}


   Skills:
 + Level 3.4 Fighting
 - Level 1.5 Dodging
 * Level 6.5 Unarmed Combat
 - Level 1.2 Spellcasting
 + Level 3.3 Transmutations


You had 5 spell levels left.
You knew the following spells:

 Your Spells              Type           Power      Damage    Failure   Level
a - Beastly Appendage     Tmut           16%        N/A       9%          1
b - Wereblood             Tmut           8%         N/A       12%         2

Your spell library contained the following spells:

 Spells                   Type           Power      Damage    Failure   Level
 Magic Dart               Conj           0%         1d3       32%         1
 Slow                     Hex            0%         N/A       32%         1
 Summon Small Mammal      Summ           0%         N/A       32%         1
 Searing Ray              Conj           0%         2d4       43%         2
 Static Discharge         Conj/Air       0%         3-3/arc   43%         2
 Spider Form              Tmut/Pois      4%         N/A       43%         3
 Call Canine Familiar     Summ           0%         N/A       67%         3
 Confusing Touch          Hex            0%         N/A       67%         3
 Dazzling Flash           Conj/Hex       0%         N/A       67%         3
 Summon Guardian Golem    Hex/Summ       0%         N/A       67%         3
 Tukima's Dance           Hex            0%         N/A       67%         3
 Vampiric Draining        Necr           0%         2d6       67%         3
 Ice Form                 Ice/Tmut       4%         N/A       85%         4
 Dispel Undead            Necr           0%         3d6       97%         4
 Fulminant Prism          Conj/Hex       0%         3d6       97%         4
 Passage of Golubria      Tloc           0%         N/A       97%         4
 Sticky Flame             Conj/Fire      0%         2d3       97%         4
 Yara's Violent Unravell  Hex/Tmut       2%         3d3       99%         5
 Agony                    Necr           0%         N/A       100%        5
 Silence                  Hex/Air        0%         N/A       100%        5


Dungeon Overview and Level Annotations

Branches:
Dungeon (4/15)
 Temple: D:4-7

Altars:
Sif Muna
Zin

Shops:
D:1 (   D:2 !   D:3 !

Annotations:
D:4 Dowan


Innate Abilities, Weirdness & Mutations

You have temporarily grown beastly horns and talons.
You are too large for most types of armour.
You have claws for hands.
Your natural rate of healing is unusually fast.
You are covered in fur. (AC +1)
You have tough skin. (AC +1)


Message History

Dowan blinks!
You scratch Duvessa. You headbutt Duvessa.
Duvessa is lightly wounded.
Duvessa hits you with a +0 rapier.
You scratch Duvessa. You headbutt Duvessa.
Duvessa is moderately wounded.
Duvessa hits you with a +0 rapier!
You scratch Duvessa but do no damage. You claw Duvessa, but do no damage.
Duvessa is moderately wounded.
You scratch Duvessa but do no damage. You headbutt Duvessa, but do no damage.
Duvessa is moderately wounded.
Duvessa hits you with a +0 rapier! Dowan gestures at you while chanting.
The puff of frost hits you!
You scratch Duvessa. You claw Duvessa. You headbutt Duvessa.
Duvessa is severely wounded.
Duvessa barely misses you.
Dowan says, "Stay away from my face!"
Dowan hits you with a +0 dagger.
You scratch Duvessa.
Duvessa is severely wounded.
Duvessa hits you but does no damage.
Dowan gestures wildly while chanting.
Dowan blinks!
You barely miss Duvessa.
Duvessa is severely wounded.
Duvessa hits you with a +0 rapier!
* * * LOW HITPOINT WARNING * * *
You claw Duvessa!
You feel a bit better.
You kill Duvessa!
Dowan seems overcome with grief.
Dowan seems to find hidden reserves of power!
Dowan points at you and mumbles some strange words.
The stone arrow hits you.
* * * LOW HITPOINT WARNING * * *
Okay, then.
Your transformation is almost over.
Dowan casts a spell at you. The shard of ice hits you!!
You die...

#..........#.# ###..........
#..........#.#########.###'####
#..........#...............#
#..........##...........##.#
#..........##.e#######..##.#
#..........###.# #..##.#
############## #§# #..##.# .#
#.##+#+##..##.# .#
#@#....⌠#..##.# .# #.'....8#...
># .# #.#....⌠#..# .# #.#######
.# #.. .# ##! .### # ...# ##.#


You could see Dowan (fast).

Vanquished Creatures
  Duvessa (D:4)
  2 black bears (D:4)
  A necrophage (D:4)
  2 scorpions (D:4)
  A howler monkey (D:4)
  Natasha (twice) (D:2)
  3 adders
  4 gnolls (D:3)
  A worm (D:2)
  4 dart slugs
  An orc (D:4)
  6 endoplasms
  7 giant cockroaches
  6 goblins
  6 hobgoblins
  2 jackals (D:4)
  6 kobolds
  4 quokkas
  4 ball pythons
  6 bats
  3 frilled lizards
  7 rats
79 creatures vanquished.

Notes
Turn   | Place    | Note
-------+----------+-------------------------------------------
     0 | D:1      | Zeldest the Troll Transmuter began the quest for the Orb.
     0 | D:1      | Reached XP level 1. HP: 18/18 MP: 1/1
    58 | D:1      | Reached skill level 1 in Fighting
   108 | D:1      | Reached XP level 2. HP: 27/27 MP: 2/2
   115 | D:1      | Found Jazichun's Antique Weapon Shoppe.
   527 | D:2      | Reached XP level 3. HP: 29/33 MP: 3/3
   670 | D:2      | Learned a level 2 spell: Wereblood
   948 | D:2      | Reached skill level 4 in Unarmed Combat
  1024 | D:2      | Found Dioraqiopt's Distillery.
  1049 | D:2      | Noticed Natasha
  1056 | D:2      | Killed Natasha
  1057 | D:2      | Reached XP level 4. HP: 36/42 MP: 4/4
  1113 | D:2      | Noticed Natasha
  1117 | D:2      | Killed Natasha
  1200 | D:2      | Bought a potion of lignification for 36 gold pieces
  1396 | D:3      | Reached XP level 5. HP: 48/49 MP: 3/5
  1581 | D:3      | Found Xasm's Distillery.
  1776 | D:3      | Found a glowing silver altar of Zin.
  1777 | D:3      | Found a shimmering blue altar of Sif Muna.
  2056 | D:4      | Noticed a black bear
  2074 | D:4      | Killed a black bear
  2075 | D:4      | Reached skill level 5 in Unarmed Combat
  2075 | D:4      | Reached XP level 6. HP: 45/59 MP: 2/6
  2115 | D:4      | Identified the +3 leather armour "Huobbal" {rElec rPois
                  | rCorr}
  2504 | D:4      | Reached skill level 6 in Unarmed Combat
  2515 | D:4      | Reached XP level 7. HP: 35/67 MP: 5/7
  2583 | D:4      | Noticed Duvessa
  2583 | D:4      | Noticed Dowan
  2599 | D:4      | Killed Duvessa
  2600 | D:4      | Killed from afar by Dowan

Illustrated notes

Levels and vault maps discovered:
D:1:      spicycebolla_arrival_ecumenical, layout_rooms, serial_shops, shop
D:2:      layout_basic, serial_shops, nicolae_shop_waterfront, uniq_natasha
D:3:      layout_loops_ring, gammafunk_temple_overflow_statue, serial_shops,
          shop
D:4:      dreamdust_elfheim, layout_basic, minmay_manual_mandibuliform

Skill      XL: |  1  2  3  4  5  6 |
---------------+-------------------+-----
Fighting       | 1 2 3 |  3.4
Unarmed Combat | 4 5 6 |  6.5
Transmutations | 2 3 |  3.3
Dodging        | |  1.5
Spellcasting   | |  1.2

Action                   |  1- 3 |  4- 6 |  7- 9 || total
-------------------------+-------+-------+-------++-------
Melee: Unarmed           |   102 |   116 |    11 ||   229
       Kick              |       |     2 |     2 ||     4
       Headbutt          |       |     2 |     4 ||     6
       Punch             |       |     4 |       ||     4
 Cast: Beastly Appendage |       |     5 |     1 ||     6
       Wereblood         |       |     1 |     1 ||     2
 Stab: Sleeping          |     1 |     1 |       ||     2
Armor: Robe              |    34 |    34 |     2 ||    70
Dodge: Dodged            |    37 |    49 |     6 ||    92
